 Dungeon Crawl Stone Soup version 0.30.0-29-ga12c61a403 (webtiles) character file.

Game seed: 18286482138166964414

376 safid the Chiller (level 6, -2/48 HPs)
             Began as a Merfolk Ice Elementalist on June 15, 2023.
             Slain by a phantom (6 damage)
             ... on level 4 of the Dungeon.
             The game lasted 00:06:19 (4119 turns).

safid the Chiller (Merfolk Ice Elementalist)        Turns: 4119, Time: 00:06:20

Health: -2/48      AC:  4    Str:  8    XL:     6   Next: 73%
Magic:  4/12       EV: 12    Int: 17    God:
Gold:   152        SH:  0    Dex: 14    Spells: 6/13 levels left

rFire   . . .        z - +2 flail (venom)
rCold   . . .        (no shield)
rNeg    . . .        a - +0 robe
rPois   .            f - +0 helmet
rElec   .            (no cloak)
rCorr   .            i - +0 pair of gloves
SInv    .            (no boots)
Will    .....        (no amulet)
Stlth   ++           (no ring)
HPRegen 0.28/turn    (no ring)
MPRegen 0.13/turn

%: no passive effects
@: no status effects
A: (nimble swimmer 2), mertail
a: no special abilities


You were on level 4 of the Dungeon.
You visited 2 branches of the dungeon, and saw 5 of its levels.

You collected 152 gold pieces.

Inventory:

Hand Weapons
 z - a +2 flail of venom (weapon)
Armour
 a - a +0 robe (worn)
 f - a +0 helmet (worn)
 i - a +0 pair of gloves (worn)
Wands
 y - a wand of flame (5)
Scrolls
 c - 2 scrolls of vulnerability {unknown}
 j - 4 scrolls of identify {unknown}
 m - a scroll of enchant armour {unknown}
 n - a scroll of immolation {unknown}
 o - 11 scrolls of teleportation {unknown}
 q - a scroll of poison {unknown}
 u - a scroll of fear {unknown}
 w - a scroll of blinking {unknown}
Potions
 b - a potion of magic
 e - 3 potions of invisibility {unknown}
 g - 2 potions of brilliance {unknown}
 h - 2 potions of heal wounds {unknown}
 k - 3 potions of flight {unknown}
 l - a potion of attraction {unknown}
 p - a potion of resistance {unknown}
 r - a potion of lignification {unknown}
 s - a potion of berserk rage {unknown}
 t - a potion of haste {unknown}
 v - a potion of curing {unknown}
 x - a potion of cancellation {unknown}


   Skills:
 + Level 3.9 Fighting
 - Level 2.6 Dodging
 - Level 2.1 Stealth
 + Level 4.0 Spellcasting
 + Level 6.1 Ice Magic


You had 6 spell levels left.
You knew the following spells:

 Your Spells              Type           Power      Damage    Failure   Level
a - Freeze                Ice            96%        1d10      1%          1
b - Frozen Ramparts       Ice            48%        1d8       3%          3
c - Ozocubu's Armour      Ice            24%        N/A       3%          3

Your spell library contained the following spells:

 Spells                   Type           Power      Damage    Failure   Level
 Foxfire                  Conj/Fire      12%        2x1d4     16%         1
 Summon Ice Beast         Ice/Summ       13%        N/A       41%         4
 Fireball                 Conj/Fire      1%         3d3       99%         5
 Plasma Beam              Fire/Air       1%         2x1d12    100%        6
 Starburst                Conj/Fire      1%         6d3       100%        6


Dungeon Overview and Level Annotations

Branches:
Dungeon (4/15)             Temple (1/1) D:4

Altars:
Ashenzari
Cheibriados
Dithmenos
Elyvilon
Gozag
Hepliaklqana
Makhleb
Nemelex Xobeh
Okawaru
Ru
Sif Muna
Trog
Uskayaw
Xom
Zin
The Shining One


Innate Abilities, Weirdness & Mutations

((You are very nimble when in or above water. (Stealth+, EV+, Speed+++)))
Your lower body shifts to a powerful aquatic tail in water.


Message History

Unknown command.
You barely miss the phantom.
The phantom is heavily damaged.
The phantom hits you but does no damage.
The phantom barely misses you.
You closely miss the phantom.
The phantom is heavily damaged.
The phantom hits you.
* * * LOW HITPOINT WARNING * * *
The phantom blinks!
You blink.
Casting: Ozocubu's Armour (dangerous; 3% risk of failure)
Confirm with . or Enter, or press ? or * to list all spells.
A film of ice covers your body! The phantom barely misses you.
The phantom hits you.
* * * LOW HITPOINT WARNING * * *
The phantom blinks!
You blink.
Your icy armour cracks and falls away as you move.
Casting: Ozocubu's Armour (dangerous; 3% risk of failure)
Confirm with . or Enter, or press ? or * to list all spells.
A film of ice covers your body! The phantom hits you.
* * * LOW HITPOINT WARNING * * *
The phantom blinks!
You blink.
Your icy armour cracks and falls away as you move.
The phantom hits you but does no damage.
Casting: Ozocubu's Armour (dangerous; 3% risk of failure)
Confirm with . or Enter, or press ? or * to list all spells.
A film of ice covers your body!
The phantom hits you but does no damage.
The phantom barely misses you.
You barely miss the phantom.
The phantom is heavily damaged.
The phantom barely misses you.
You barely miss the phantom.
The phantom is heavily damaged.
The phantom hits you.
* * * LOW HITPOINT WARNING * * *
The phantom blinks!
You blink.
Your icy armour cracks and falls away as you move.
The phantom hits you.
You die...

#.# ##... #.# ###### .....#...
..... #.# #....# ....'.$ .....
#.###....#####......#.. ....
#.#.................'. ...
#.#.###...#######...### #######
#.#.................... .......
###.###..............###########.
......#..###....@....##.g.g.####.
....#.#..# #...W..?..##.###.#....
..†...#..# #.........##.# #.#....
......#..# #.........##g# #.'....
......#..# #.........##.# ###>..#
......'..# #.......§.)).# #.>.#
......##.# #........§#### #...#
....####.# ######.#...# #...#
###.#....# #.#..... '...+


You could see a phantom.

Vanquished Creatures
  Edmund (D:4)
  2 jellies (D:4)
  A hound (D:4)
  Jessica (D:3)
  2 orc wizards (D:4)
  2 gnolls (D:4)
  A worm (D:2)
  3 dart slugs
  11 orcs
  4 endoplasms
  2 giant cockroaches
  3 goblins
  3 hobgoblins
  2 jackals (D:1)
  7 quokkas
  3 ball pythons
  2 frilled lizards
  2 kobolds
52 creatures vanquished.

Notes
Turn   | Place    | Note
-------+----------+-------------------------------------------
     0 | D:1      | safid the Merfolk Ice Elementalist began the quest for the
                  | Orb.
     0 | D:1      | Reached XP level 1. HP: 13/13 MP: 3/3
    87 | D:1      | Found a faded altar of an unknown god.
   170 | D:1      | Reached XP level 2. HP: 20/20 MP: 5/5
   204 | D:1      | Reached skill level 1 in Fighting
  1474 | D:2      | You fall into a shaft and drop 2 floors!
  1498 | D:4      | Reached XP level 3. HP: 21/26 MP: 2/6
  1677 | D:3      | Found a burning altar of Makhleb.
  1677 | D:3      | Found a sacrificial altar of Ru.
  1733 | D:3      | Reached skill level 5 in Ice Magic
  1737 | D:3      | Learned a level 3 spell: Frozen Ramparts
  1741 | D:3      | Learned a level 3 spell: Ozocubu's Armour
  1800 | D:3      | Reached XP level 4. HP: 33/33 MP: 6/8
  2370 | D:3      | Found an opulent altar of Gozag.
  2370 | D:3      | Found a sparkling altar of Nemelex Xobeh.
  2499 | D:3      | Noticed Jessica
  2515 | D:3      | Killed Jessica
  2563 | D:3      | Found a shimmering blue altar of Sif Muna.
  2612 | D:4      | Noticed a phantom
  2681 | D:4      | Reached XP level 5. HP: 39/39 MP: 5/9
  2804 | D:4      | Noticed Edmund
  2980 | D:4      | Found a staircase to the Ecumenical Temple.
  2989 | Temple   | Entered the Ecumenical Temple
  3155 | D:4      | Killed Edmund
  3156 | D:4      | Reached XP level 6. HP: 26/47 MP: 1/11
  3275 | D:4      | Found a glowing golden altar of the Shining One.
  3310 | D:4      | Reached skill level 6 in Ice Magic
  3815 | D:4      | HP: 2/48 [gnoll/+0 halberd (8)]
  4119 | D:4      | Slain by a phantom

Illustrated notes

Levels and vault maps discovered:
D:1:      lightli_molten_gateway, layout_basic, dreamdust_ecumenical_altar_grove
D:2:      layout_basic, basic_altar
D:3:      layout_loops_cross, grunt_temple_overflow_opulence, tgw_sif,
          mainiacjoe_overflow_divided_tiny, minmay_misc_feat_chi,
          due_unseen_surprise
D:4:      layout_basic, kennysheep_mini, lemuel_doored_altar,
          minmay_temple_entry_slanted, uniq_edmund
Temple:   zaba_magenta_temple

Skill      XL: |  1  2  3  4  5  6 |
---------------+-------------------+-----
Fighting       | 1 2 3 |  3.9
Ice Magic      | 5 6 |  6.1
Spellcasting   | 3 4 |  4.0
Dodging        | |  2.6
Stealth        | |  2.1

Action                     |  1- 3 |  4- 6 || total
---------------------------+-------+-------++-------
  Melee: Spear             |    64 |    56 ||   120
         Flail             |       |    57 ||    57
         Punch             |       |     2 ||     2
   Cast: Freeze            |    28 |    18 ||    46
         Frozen Ramparts   |       |     4 ||     4
         Ozocubu's Armour  |       |     6 ||     6
   Stab: Sleeping          |     5 |     1 ||     6
 Armour: Robe              |    14 |    34 ||    48
  Dodge: Dodged            |    49 |    72 ||   121
